IL
FRESNO GRIZZLIES @ TOLEDO MUD HENS
07/02/2045
 
TOP OF THE 1ST
Fresno Grizzlies batting - Pitching for Toledo Mud Hens : LHP John McRight
Pitching: LHP John McRight
Batting: RHB Paul Shell 0-0: Called Strike
0-1: Swinging Strike
0-2: Strikes out swinging
Batting: LHB Chris Cabrera 0-0: Called Strike
0-1: Swinging Strike
0-2: Ball
1-2: Ball
2-2: Ball
3-2: Fly out, F5 (Line Drive, 5, EV 70.6 MPH)
Batting: SHB Nate Kopchak 0-0: Ball
1-0: Ball
2-0: Ball
3-0: Base on Balls
Batting: LHB Mike Davis 0-0: Ground out U3 (Groundball, 34S, EV 86.2 MPH)
Top of the 1st over - 0 runs, 0 hits, 0 errors, 1 left on base; Fresno 0 - Toledo 0
BOTTOM OF THE 1ST
Toledo Mud Hens batting - Pitching for Fresno Grizzlies : RHP Michael Bruce
Pitching: RHP Michael Bruce
Batting: SHB Adam Weber 0-0: Swinging Strike
0-1: Ball
1-1: Foul Ball, location: 2F
1-2: Ball
2-2: Ground out 4-3 (Groundball, 4, EV 106.9 MPH)
Batting: LHB Jamel Alexander 0-0: Ball
1-0: Called Strike
1-1: Ball
2-1: Foul Ball, location: 2F
2-2: Ball
3-2: Foul Ball, location: 2F
3-2: Foul Ball, location: 2F
3-2: Base on Balls
Batting: LHB Andy Schumacher 0-0: Called Strike
0-1: Swinging Strike
0-2: Ball
1-2: Ball
2-2: Ball
Jamel Alexander steals 2nd base
3-2: SINGLE (Flyball, 78S, EV 86.9 MPH)
Jamel Alexander to third
Batting: RHB Steve Clark 0-0: Ball
1-0: Ball
2-0: Called Strike
2-1: Ball
3-1: Base on Balls
Andy Schumacher to second
Batting: RHB Zach Koblinski 0-0: Ball
1-0: Ball
2-0: Ball
3-0: Called Strike
3-1: Fielders Choice at 2nd, 5-4 (Groundball, 56, EV 81.2 MPH)
Jamel Alexander scores
Andy Schumacher to third
Batting: RHB Paul Wood 0-0: Called Strike
Zach Koblinski steals 2nd base
0-1: Ball
1-1: SINGLE (Line Drive, 34D, EV 95.0 MPH)
Andy Schumacher scores
Zach Koblinski to third
Runner from 3rd tries for Home, throw by RF and OUT! 9-2
Bottom of the 1st over - 2 runs, 2 hits, 0 errors, 1 left on base; Fresno 0 - Toledo 2
TOP OF THE 2ND
Fresno Grizzlies batting - Pitching for Toledo Mud Hens : LHP John McRight
Batting: SHB Troy Kenyon 0-0: Swinging Strike
0-1: Foul Ball, location: 2F
0-2: Strikes out looking
Batting: LHB Doug Anderson 0-0: Ball
1-0: Swinging Strike
1-1: Foul Ball, location: 2F
1-2: Ball
2-2: SINGLE (Groundball, 6, EV 96.9 MPH)
Batting: LHB Daniel Lopez 0-0: Foul Ball, location: 2F
0-1: Swinging Strike
0-2: Strikes out swinging
Batting: LHB Alex Alicea 0-0: SINGLE (Groundball, 6D, EV 105.6 MPH)
Doug Anderson to second
Batting: LHB Vinny Siebecker 0-0: Ball
Wild Pitch!
Doug Anderson to third
Alex Alicea to second
1-0: Foul Ball, location: 2F
1-1: Ground out 4-3 (Groundball, 4S, EV 66.2 MPH)
Top of the 2nd over - 0 runs, 2 hits, 0 errors, 2 left on base; Fresno 0 - Toledo 2
BOTTOM OF THE 2ND
Toledo Mud Hens batting - Pitching for Fresno Grizzlies : RHP Michael Bruce
Batting: SHB Raul Morales 0-0: Called Strike
0-1: Called Strike
0-2: Ground out 2-3 (Groundball, 2L, EV 60.6 MPH)
Batting: LHB Takuya Uchida 0-0: Ground out 4-3 (Groundball, 4, EV 96.2 MPH)
Batting: RHB Casey Knutson 0-0: Called Strike
0-1: Ball
1-1: Ball
2-1: Foul Ball, location: 2F
2-2: Ball
3-2: Foul Ball, location: 2F
3-2: Strikes out swinging
Bottom of the 2nd over - 0 runs, 0 hits, 0 errors, 0 left on base; Fresno 0 - Toledo 2
TOP OF THE 3RD
Fresno Grizzlies batting - Pitching for Toledo Mud Hens : LHP John McRight
Batting: RHB Paul Shell 0-0: Called Strike
0-1: Ball
1-1: Swinging Strike
1-2: Strikes out looking
Batting: LHB Chris Cabrera 0-0: Called Strike
0-1: Ball
1-1: Ball
2-1: SINGLE (Line Drive, 7LS, EV 100.6 MPH)
Batting: SHB Nate Kopchak 0-0: Ball
1-0: SINGLE (Groundball, 6MD, EV 102.5 MPH)
Chris Cabrera to second
Runner from 2nd tries for 3rd, SAFE, throw by CF made to third
Batting: LHB Mike Davis 0-0: Called Strike
0-1: Ball
1-1: Called Strike
1-2: Ball
2-2: Ball
Nate Kopchak steals 2nd base (no throw)
3-2: Ground out 4-3 (Groundball, 4, EV 81.9 MPH)
Chris Cabrera scores
Nate Kopchak to third
Batting: SHB Troy Kenyon 0-0: Ground out 5-3 (Groundball, 56, EV 104.4 MPH)
Top of the 3rd over - 1 run, 2 hits, 0 errors, 1 left on base; Fresno 1 - Toledo 2
BOTTOM OF THE 3RD
Toledo Mud Hens batting - Pitching for Fresno Grizzlies : RHP Michael Bruce
Batting: SHB Adam Weber 0-0: Ball
1-0: Foul Ball, location: 2F
1-1: Ball
2-1: Fly out, F7 (Flyball, 7D, EV 100.0 MPH)
Batting: LHB Jamel Alexander 0-0: Ground out 6-3 (Groundball, 6S, EV 86.2 MPH)
Batting: LHB Andy Schumacher 0-0: Called Strike
0-1: Swinging Strike
0-2: Ball
1-2: Foul Ball, location: 2F
1-2: Foul Ball, location: 2F
1-2: Ball
2-2: Strikes out swinging
Bottom of the 3rd over - 0 runs, 0 hits, 0 errors, 0 left on base; Fresno 1 - Toledo 2
TOP OF THE 4TH
Fresno Grizzlies batting - Pitching for Toledo Mud Hens : LHP John McRight
Batting: LHB Doug Anderson 0-0: Ball
1-0: Swinging Strike
1-1: Fly out, F8 (Flyball, 8LS, EV 92.5 MPH)
Batting: LHB Daniel Lopez 0-0: Called Strike
0-1: Ball
1-1: Ground out 4-3 (Groundball, 4, EV 108.8 MPH)
Batting: LHB Alex Alicea 0-0: Ball
1-0: Foul Ball, location: 2F
1-1: Called Strike
1-2: Ball
2-2: Fly out, F7 (Flyball, 7, EV 86.2 MPH)
Top of the 4th over - 0 runs, 0 hits, 0 errors, 0 left on base; Fresno 1 - Toledo 2
BOTTOM OF THE 4TH
Toledo Mud Hens batting - Pitching for Fresno Grizzlies : RHP Michael Bruce
Batting: RHB Steve Clark 0-0: Called Strike
0-1: Called Strike
0-2: Ball
1-2: Foul Ball, location: 2F
1-2: Ball
2-2: Ball
3-2: Base on Balls
Batting: RHB Zach Koblinski 0-0: Called Strike
0-1: Swinging Strike
0-2: Ball
1-2: Strikes out looking
Batting: RHB Paul Wood 0-0: Called Strike
0-1: Reached on error, E4 (Groundball, 4, EV 87.5 MPH)
Steve Clark to second
Batting: SHB Raul Morales 0-0: Reached on error, E3 (Groundball, 13, EV 84.4 MPH)
Steve Clark to third
Paul Wood to second
Batting: LHB Takuya Uchida 0-0: Swinging Strike
0-1: Fielders Choice at 2nd, 4-6 (Groundball, 4, EV 95.6 MPH)
Steve Clark scores
Paul Wood to third
Batting: RHB Casey Knutson 0-0: Ball
1-0: Foul Ball, location: 2F
1-1: Ball
Wild Pitch!
Paul Wood scores
Takuya Uchida to second
2-1: Ball
3-1: Foul Ball, location: 2F
3-2: Fly out, F8 (Flyball, 8RM, EV 96.9 MPH)
Bottom of the 4th over - 2 runs, 0 hits, 2 errors, 1 left on base; Fresno 1 - Toledo 4
TOP OF THE 5TH
Fresno Grizzlies batting - Pitching for Toledo Mud Hens : LHP John McRight
Batting: LHB Vinny Siebecker 0-0: SINGLE (Flyball, 78S, EV 92.5 MPH)
Batting: RHB Paul Shell 0-0: Fly out, F7 (Line Drive, 7, EV 100.6 MPH)
Batting: LHB Chris Cabrera 0-0: Ball
1-0: Ball
2-0: Called Strike
2-1: Swinging Strike
2-2: Ball
3-2: Foul Ball, location: 2F
3-2: Base on Balls
Vinny Siebecker to second
Batting: SHB Nate Kopchak 0-0: Foul Ball, location: 2F
0-1: Foul Ball, location: 2F
0-2: Ball
1-2: Ball
Passed Ball!
Vinny Siebecker to third
Chris Cabrera to second
2-2: DOUBLE (Line Drive, 5D, EV 98.8 MPH)
Vinny Siebecker scores
Chris Cabrera scores
Batting: LHB Mike Davis 0-0: Ball
1-0: SINGLE (Groundball, 5S, EV 96.2 MPH)
Nate Kopchak to third
Runner from 3rd tries for Home, SAFE, throw by LF to home
Batting: SHB Troy Kenyon 0-0: Ball
1-0: Ball
2-0: Called Strike
2-1: Ball
3-1: Swinging Strike
3-2: Foul Ball, location: 2F
3-2: Fly out, F9 (Flyball, 9LM, EV 75.0 MPH)
Batting: LHB Doug Anderson 0-0: Ball
1-0: Called Strike
1-1: Foul Ball, location: 2F
1-2: Fly out, F7 (Flyball, 78D, EV 98.1 MPH)
Top of the 5th over - 3 runs, 3 hits, 0 errors, 1 left on base; Fresno 4 - Toledo 4
BOTTOM OF THE 5TH
Toledo Mud Hens batting - Pitching for Fresno Grizzlies : RHP Michael Bruce
Batting: SHB Adam Weber 0-0: Ball
1-0: Ball
2-0: Ball
3-0: Called Strike
3-1: Base on Balls
Batting: LHB Jamel Alexander 0-0: Ball
Adam Weber steals 2nd base (no throw)
1-0: Called Strike
Adam Weber steals 3rd base
1-1: Ball
2-1: Ball
3-1: Base on Balls
DELAY Rain delay of 32 minutes in the 5th inning.
Batting: LHB Andy Schumacher 0-0: Called Strike
Jamel Alexander steals 2nd base
0-1: Foul Ball, location: 2F
0-2: Ball
1-2: Ball
2-2: Ball
3-2: Foul Ball, location: 2F
3-2: Ground out 1-3 (Groundball, 34S, EV 68.1 MPH)
Pitching: RHP Jon Manwaring
Batting: RHB Steve Clark 0-0: Ball
1-0: Ball
2-0: Swinging Strike
2-1: Foul Ball, location: 2F
2-2: Ball
3-2: Strikes out looking
Batting: RHB Zach Koblinski 0-0: Called Strike
0-1: Ball
1-1: Swinging Strike
1-2: Strikes out swinging
Bottom of the 5th over - 0 runs, 0 hits, 0 errors, 2 left on base; Fresno 4 - Toledo 4
TOP OF THE 6TH
Fresno Grizzlies batting - Pitching for Toledo Mud Hens : LHP John McRight
Pitching: RHP Alexis Priego
Batting: LHB Daniel Lopez 0-0: Ball
1-0: Ball
2-0: Foul Ball, location: 2F
2-1: Ball
3-1: Fly out, F7 (Flyball, 7D, EV 91.2 MPH)
Batting: LHB Alex Alicea 0-0: Ground out 4-3 (Groundball, 4, EV 84.4 MPH)
Batting: LHB Vinny Siebecker 0-0: Ball
1-0: Ground out 4-3 (Groundball, 4, EV 108.1 MPH)
Top of the 6th over - 0 runs, 0 hits, 0 errors, 0 left on base; Fresno 4 - Toledo 4
BOTTOM OF THE 6TH
Toledo Mud Hens batting - Pitching for Fresno Grizzlies : RHP Jon Manwaring
Batting: RHB Paul Wood 0-0: Ball
1-0: Swinging Strike
1-1: Ball
2-1: Ball
3-1: Ground out 6-3 (Groundball, 6, EV 88.8 MPH)
Batting: SHB Raul Morales 0-0: Called Strike
0-1: Called Strike
0-2: Fly out, F9 (Flyball, 9LS, EV 81.9 MPH)
Batting: LHB Takuya Uchida 0-0: Ground out 1-3 (Groundball, 13S, EV 65.6 MPH)
Bottom of the 6th over - 0 runs, 0 hits, 0 errors, 0 left on base; Fresno 4 - Toledo 4
TOP OF THE 7TH
Fresno Grizzlies batting - Pitching for Toledo Mud Hens : RHP Alexis Priego
Batting: RHB Paul Shell 0-0: Called Strike
0-1: Ball
1-1: Ball
2-1: Ball
3-1: Base on Balls
Batting: LHB Chris Cabrera 0-0: Ball
Paul Shell steals 2nd base
1-0: Ball
2-0: Swinging Strike
2-1: Ball
3-1: Called Strike
3-2: Base on Balls
Batting: SHB Nate Kopchak 0-0: Ball
1-0: Foul Ball, location: 2F
1-1: Grounds into double play, 5-4-3 (Groundball, 56S, EV 94.4 MPH)
Paul Shell to third
Batting: LHB Mike Davis 0-0: Foul Ball, location: 2F
0-1: Ball
1-1: Foul Ball, location: 2F
1-2: Strikes out swinging
Top of the 7th over - 0 runs, 0 hits, 0 errors, 1 left on base; Fresno 4 - Toledo 4
BOTTOM OF THE 7TH
Toledo Mud Hens batting - Pitching for Fresno Grizzlies : RHP Jon Manwaring
Batting: RHB Casey Knutson 0-0: Ground out 5-3 (Groundball, 56, EV 90.6 MPH)
Batting: SHB Adam Weber 0-0: Called Strike
0-1: Called Strike
0-2: Fly out, F9 (Line Drive, 9, EV 91.9 MPH)
Batting: LHB Jamel Alexander 0-0: Ball
1-0: Ball
2-0: Called Strike
2-1: Called Strike
2-2: Strikes out swinging
Bottom of the 7th over - 0 runs, 0 hits, 0 errors, 0 left on base; Fresno 4 - Toledo 4
TOP OF THE 8TH
Fresno Grizzlies batting - Pitching for Toledo Mud Hens : RHP Alexis Priego
Pitching: LHP Matt Granados
Batting: SHB Troy Kenyon 0-0: Ball
1-0: Called Strike
1-1: Called Strike
1-2: Strikes out looking
Batting: LHB Doug Anderson 0-0: Ball
1-0: Ball
2-0: Ball
3-0: Called Strike
3-1: Foul Ball, location: 2F
3-2: Strikes out swinging
Batting: LHB Daniel Lopez 0-0: Ball
1-0: Foul Ball, location: 2F
1-1: Swinging Strike
1-2: Ball
2-2: Strikes out swinging
Top of the 8th over - 0 runs, 0 hits, 0 errors, 0 left on base; Fresno 4 - Toledo 4
BOTTOM OF THE 8TH
Toledo Mud Hens batting - Pitching for Fresno Grizzlies : RHP Jon Manwaring
Batting: LHB Andy Schumacher 0-0: Called Strike
0-1: Fly out, F7 (Flyball, 7D, EV 94.4 MPH)
Batting: RHB Steve Clark 0-0: Swinging Strike
0-1: Swinging Strike
0-2: Strikes out swinging
Batting: RHB Zach Koblinski 0-0: Ball
1-0: Swinging Strike
1-1: Ball
2-1: Foul Ball, location: 2F
2-2: Ball
3-2: Foul Ball, location: 2F
3-2: Fly out, F9 (Flyball, 9S, EV 85.0 MPH)
Bottom of the 8th over - 0 runs, 0 hits, 0 errors, 0 left on base; Fresno 4 - Toledo 4
TOP OF THE 9TH
Fresno Grizzlies batting - Pitching for Toledo Mud Hens : LHP Matt Granados
Pitching: RHP Will Lane
Batting: LHB Alex Alicea 0-0: Ball
1-0: Ground out 4-3 (Groundball, 4, EV 80.6 MPH)
Batting: LHB Vinny Siebecker 0-0: Ball
1-0: Called Strike
1-1: Called Strike
1-2: Ball
2-2: Strikes out swinging, 2-3 out at first.
Batting: RHB Paul Shell 0-0: Ball
1-0: Ball
2-0: Ball
3-0: Base on Balls
Batting: LHB Chris Cabrera 0-0: Called Strike
0-1: Ball
1-1: Ground out 1-3 (Groundball, P, EV 73.1 MPH)
Top of the 9th over - 0 runs, 0 hits, 0 errors, 1 left on base; Fresno 4 - Toledo 4
BOTTOM OF THE 9TH
Toledo Mud Hens batting - Pitching for Fresno Grizzlies : RHP Jon Manwaring
Pitching: RHP Ray Leuthauser
Batting: RHB Paul Wood 0-0: Called Strike
0-1: Ball
1-1: Ball
2-1: Ball
3-1: Base on Balls
Batting: SHB Raul Morales 0-0: Called Strike
0-1: Grounds out, U3 (Groundball, 3L, EV 85.0 MPH)
Batting: LHB Takuya Uchida 0-0: Intentional Walk
Batting: RHB Casey Knutson 0-0: Foul Ball, location: 2F
0-1: SINGLE (Groundball, 56, EV 98.1 MPH)
Paul Wood to third
Takuya Uchida to second
Batting: SHB Adam Weber 0-0: Ball
1-0: Ball
Wild Pitch!
Paul Wood scores
Bottom of the 9th over - 1 run, 1 hit, 0 errors, 0 left on base; Fresno 4 - Toledo 5
Game Over ... Toledo defeats Fresno, 5 to 4
Wednesday, June 22nd , 2022 - OOTP Baseball 23.4 Build 64